General information
- name: BNet
- type: Ladder team game (AT/RT)
- host: Battle.net
- saver: DazzlingKillmen
map: GolemsInTheMist
- players: 8
- length: 70:10
- speed: Fast
- version: 1.26 W3XP
- replay type: Public
» download(331 KB)
Players
team 1 (winner)
D.e.a.t.h (
blue | 25 APM | 1735 actions | 70:10)
5 Mountain King
3 Storm Bolt
2 Bash
4 Paladin
2 Holy Light
2 Divine Shield
4 Archmage
2 Brilliance Aura
2 Summon Water Elemental
» actions
| Basic commands | 6 | |
| Build / train | 134 | |
| Enter build submenu | 49 | |
| Enter hero's abilities submenu | 13 | |
| Give item / drop item | 6 | |
| Remove unit from queue | 9 | |
| Right click | 813 | |
| Select / deselect | 516 | |
| Use ability | 187 | |
1735 total
» units
| Peasant | 26 | |
| Footman | 7 | |
| Knight | 9 | |
| Sorceress | 10 | |
| Priest | 8 | |
| Flying Machine | -2 | |
| Mortar Team | 2 | |
60 total
» upgrades
| Plating | 3 | |
| Swords | 3 | |
| Masonry | 3 | |
| Lumber Harvesting | 2 | |
| Sorceress Training | 2 | |
| Priest Training | 3 | |
| Animal War Training | 1 | |
| Magic Sentry | 1 | |
| Fragmentation Shards | 1 | |
| Flare | 1 | |
| Gunpowder | 1 | |
| Armor | 1 | |
22 total
» buildings
| Altar of Kings | 1 | |
| Farm | 15 | |
| Barracks | 1 | |
| Scout Tower | 16 | |
| Lumber Mill | 1 | |
| Arcane Tower | 5 | |
| Arcane Vault | 2 | |
| Guard Tower | 10 | |
| Blacksmith | 1 | |
| Town Hall | 3 | |
| Keep | 2 | |
| Castle | 1 | |
| Arcane Sanctum | 1 | |
| Workshop | 1 | |
60 total
» build order
00:20 Altar of Kings
00:36 Farm
00:51 Farm
01:15 Barracks
01:44 Farm
01:50 Scout Tower
02:05 Scout Tower
02:20 Lumber Mill
02:34 Arcane Tower
02:38 Scout Tower
02:45 Scout Tower
02:50 Arcane Vault
03:11 Guard Tower
03:25 Scout Tower
03:30 Scout Tower
03:42 Guard Tower
03:55 Arcane Tower
03:59 Farm
04:05 Blacksmith
04:13 Scout Tower
04:48 Arcane Tower
04:49 Guard Tower
04:52 Arcane Vault
05:12 Farm
06:07 Scout Tower
06:18 Town Hall
06:42 Farm
06:48 Guard Tower
07:03 Farm
07:20 Keep
07:31 Scout Tower
07:45 Scout Tower
08:34 Arcane Tower
08:37 Farm
08:45 Guard Tower
08:49 Scout Tower
10:05 Guard Tower
10:10 Farm
10:48 Castle
10:55 Arcane Sanctum
13:26 Farm
14:04 Scout Tower
15:00 Guard Tower
15:03 Scout Tower
15:39 Guard Tower
15:42 Scout Tower
17:46 Guard Tower
17:50 Scout Tower
18:51 Arcane Tower
18:54 Farm
20:25 Scout Tower
21:24 Guard Tower
23:09 Town Hall
28:37 Workshop
28:45 Farm
30:01 Farm
32:39 Farm
36:36 Town Hall
36:50 Farm
41:16 Keep
» items
| Scroll of Regeneration | 2 | |
| Lesser Clarity Potion | 1 | |
| Orb of Fire | 2 | |
| Potion of Healing | 4 | |
9 total
RUSSEL-WIL-SUX (
purple | 37 APM | 2610 actions | 69:48)
6 Shadow Hunter
2 Hex
3 Healing Wave
1 Big Bad Voodoo
» actions
| Assign group hotkey | 44 | |
| Basic commands | 164 | |
| Build / train | 63 | |
| Enter build submenu | 19 | |
| Enter hero's abilities submenu | 6 | |
| Give item / drop item | 2 | |
| Remove unit from queue | 2 | |
| Right click | 1109 | |
| Select / deselect | 397 | |
| Select group hotkey | 630 | |
| Use ability | 174 | |
2610 total
» units
| Peon | 18 | |
| Troll Headhunter/Berserker | 8 | |
| Goblin Shredder | 1 | |
| Goblin Zeppelin | 2 | |
| Demolisher | 5 | |
| Goblin Sapper | 4 | |
38 total
» upgrades
| Troll Regeneration | 1 | |
| Reinforced Defenses | 1 | |
| Ranged Weapons | 2 | |
| Armor | 2 | |
| Berserker Upgrade | 1 | |
| Burning Oil | 1 | |
8 total
» buildings
| Altar of Storms | 1 | |
| Orc Burrow | 7 | |
| Barracks | 3 | |
| War Mill | 1 | |
| Voodoo Lounge | 1 | |
| Stronghold | 1 | |
| Fortress | 1 | |
| Great Hall | 2 | |
| Watch Tower | 35 | |
52 total
» build order
00:09 Altar of Storms
00:20 Orc Burrow
01:34 Barracks
01:35 Barracks
01:45 War Mill
01:52 Orc Burrow
02:14 Barracks
02:23 Voodoo Lounge
03:37 Stronghold
04:15 Orc Burrow
04:55 Orc Burrow
06:47 Fortress
08:23 Great Hall
08:25 Watch Tower
08:26 Watch Tower
08:26 Watch Tower
08:28 Watch Tower
08:29 Watch Tower
08:30 Watch Tower
08:31 Watch Tower
08:58 Watch Tower
08:58 Watch Tower
08:58 Watch Tower
09:00 Watch Tower
09:00 Watch Tower
09:01 Watch Tower
14:41 Watch Tower
14:42 Watch Tower
18:46 Watch Tower
18:47 Watch Tower
18:47 Watch Tower
18:48 Watch Tower
18:49 Watch Tower
18:50 Watch Tower
18:50 Watch Tower
18:51 Watch Tower
18:52 Watch Tower
18:52 Watch Tower
18:56 Watch Tower
20:22 Watch Tower
20:22 Watch Tower
20:23 Watch Tower
20:23 Watch Tower
20:23 Watch Tower
20:24 Watch Tower
21:18 Orc Burrow
21:18 Orc Burrow
21:19 Orc Burrow
22:07 Watch Tower
26:42 Great Hall
» items
| Scroll of Regeneration | 1 | |
| Potion of Healing | 2 | |
| Scroll of Town Portal | 2 | |
5 total
ChristmasGrinch (
teal | 30 APM | 2120 actions | 70:02)
8 Blood Mage
3 Flame Strike
1 Siphon Mana
3 Banish
1 Summon Phoenix
» actions
| Assign group hotkey | 28 | |
| Basic commands | 194 | |
| Build / train | 85 | |
| Enter build submenu | 59 | |
| Enter hero's abilities submenu | 8 | |
| Give item / drop item | 8 | |
| Remove unit from queue | 1 | |
| Right click | 774 | |
| Select / deselect | 498 | |
| Select group hotkey | 275 | |
| Use ability | 190 | |
2120 total
» units
| Peasant | 17 | |
| Footman | 5 | |
| Goblin Shredder | 2 | |
| Dragonhawk Rider | 5 | |
29 total
» upgrades
| Swords | 3 | |
| Armor | 3 | |
| Animal War Training | 1 | |
| Masonry | 3 | |
| Cloud | 1 | |
| Storm Hammers | 1 | |
| Magic Sentry | 1 | |
13 total
» buildings
| Altar of Kings | 1 | |
| Barracks | 1 | |
| Farm | 6 | |
| Keep | 1 | |
| Town Hall | 8 | |
| Scout Tower | 36 | |
| Lumber Mill | 1 | |
| Arcane Vault | 1 | |
| Guard Tower | 11 | |
| Castle | 1 | |
| Gryphon Aviary | 6 | |
| Blacksmith | 2 | |
| Arcane Sanctum | 1 | |
| Arcane Tower | 4 | |
80 total
» build order
00:36 Altar of Kings
00:38 Barracks
00:59 Farm
01:01 Farm
01:06 Farm
02:18 Farm
03:39 Keep
04:21 Town Hall
04:26 Scout Tower
04:29 Scout Tower
04:34 Scout Tower
04:42 Lumber Mill
05:17 Arcane Vault
05:22 Scout Tower
05:22 Scout Tower
05:25 Scout Tower
06:20 Farm
06:42 Guard Tower
06:47 Scout Tower
06:50 Scout Tower
06:53 Guard Tower
07:56 Castle
07:59 Guard Tower
10:09 Gryphon Aviary
10:11 Gryphon Aviary
10:18 Gryphon Aviary
10:26 Gryphon Aviary
10:31 Blacksmith
10:35 Blacksmith
14:37 Scout Tower
14:37 Scout Tower
14:38 Scout Tower
14:39 Scout Tower
14:41 Farm
14:45 Scout Tower
14:46 Scout Tower
14:47 Scout Tower
14:48 Scout Tower
14:49 Scout Tower
14:50 Scout Tower
14:50 Scout Tower
14:51 Scout Tower
17:35 Guard Tower
18:46 Town Hall
18:48 Scout Tower
18:49 Scout Tower
18:49 Scout Tower
20:20 Gryphon Aviary
20:24 Gryphon Aviary
20:34 Guard Tower
25:28 Town Hall
27:44 Town Hall
33:54 Scout Tower
34:20 Scout Tower
34:25 Arcane Sanctum
34:28 Scout Tower
34:32 Scout Tower
34:39 Arcane Tower
34:48 Guard Tower
36:47 Arcane Tower
36:50 Guard Tower
40:19 Town Hall
40:40 Scout Tower
40:40 Scout Tower
40:41 Scout Tower
40:42 Scout Tower
41:12 Guard Tower
41:13 Guard Tower
42:08 Town Hall
42:12 Scout Tower
42:14 Scout Tower
42:17 Scout Tower
42:19 Scout Tower
42:43 Arcane Tower
42:45 Guard Tower
43:59 Guard Tower
45:22 Town Hall
45:28 Scout Tower
45:55 Arcane Tower
57:22 Town Hall
» items
| Scroll of Regeneration | 6 | |
| Orb of Lightning | 1 | |
| Potion of Mana | 2 | |
| Lesser Clarity Potion | 4 | |
| Scroll of Town Portal | 2 | |
| Potion of Healing | 1 | |
16 total

»
agentknox666 (
orange | 34 APM | 1858 actions | 54:04)
4 Archmage
2 Summon Water Elemental
2 Brilliance Aura
» actions
| Basic commands | 14 | |
| Build / train | 161 | |
| ESC pressed | 3 | |
| Enter build submenu | 26 | |
| Enter hero's abilities submenu | 4 | |
| Remove unit from queue | 4 | |
| Right click | 1044 | |
| Select / deselect | 476 | |
| Use ability | 126 | |
1858 total
» units
| Peasant | 50 | |
| Footman | 27 | |
| Rifleman | 24 | |
| Flying Machine | 8 | |
| Priest | 4 | |
113 total
» upgrades
| Swords | 1 | |
| Plating | 1 | |
| Masonry | 1 | |
| Gunpowder | 1 | |
| Armor | 1 | |
| Lumber Harvesting | 1 | |
| Long Rifles | 1 | |
7 total
» buildings
| Altar of Kings | 1 | |
| Farm | 8 | |
| Barracks | 2 | |
| Lumber Mill | 3 | |
| Blacksmith | 1 | |
| Town Hall | 3 | |
| Keep | 5 | |
| Arcane Vault | 1 | |
| Arcane Sanctum | 1 | |
| Workshop | 1 | |
| Castle | 4 | |
30 total
» build order
00:09 Altar of Kings
00:13 Farm
00:32 Barracks
00:58 Farm
01:37 Farm
01:52 Lumber Mill
02:25 Farm
03:05 Farm
03:44 Blacksmith
04:14 Farm
04:46 Barracks
05:47 Town Hall
07:43 Keep
07:43 Keep
07:43 Keep
09:14 Farm
10:05 Arcane Vault
10:36 Farm
11:07 Lumber Mill
11:19 Lumber Mill
12:52 Arcane Sanctum
13:01 Workshop
13:39 Castle
13:39 Castle
13:40 Castle
18:14 Town Hall
20:14 Town Hall
» items
| Scroll of Regeneration | 1 | |
| Scroll of Town Portal | 1 | |
2 total
team 2 (loser)
Sonata (
green | 17 APM | 1159 actions | 70:10)
2 Death Knight
1 Death Coil
1 Unholy Aura
» actions
| Assign group hotkey | 293 | |
| Build / train | 35 | |
| Enter build submenu | 12 | |
| Enter hero's abilities submenu | 2 | |
| Remove unit from queue | 1 | |
| Right click | 362 | |
| Select / deselect | 384 | |
| Select group hotkey | 30 | |
| Use ability | 40 | |
1159 total
» units
| Acolyte | 3 | |
| Ghoul | 3 | |
| Crypt Fiend | 15 | |
21 total
» upgrades
| Creature Attack | 2 | |
| Creature Carapace | 1 | |
| Cannibalize | 0 | |
3 total
» buildings
| Graveyard | 1 | |
| Crypt | 1 | |
| Altar of Darkness | 1 | |
| Ziggurat | 6 | |
| Tomb of Relics | 1 | |
| Nerubian Tower | 2 | |
| Spirit Tower | 3 | |
| Halls of the Dead | 1 | |
| Sacrificial Pit | 1 | |
17 total
» build order
00:56 Graveyard
01:03 Crypt
01:07 Altar of Darkness
01:10 Ziggurat
01:21 Ziggurat
01:33 Tomb of Relics
02:05 Nerubian Tower
02:15 Nerubian Tower
02:47 Ziggurat
03:41 Spirit Tower
04:37 Ziggurat
05:07 Halls of the Dead
05:42 Spirit Tower
07:53 Ziggurat
08:00 Ziggurat
10:48 Spirit Tower
10:59 Sacrificial Pit
» items
xd-xd-xd (
pink | 10 APM | 733 actions | 70:10)
1 Archmage
1 Summon Water Elemental
» actions
| Assign group hotkey | 20 | |
| Basic commands | 64 | |
| Build / train | 30 | |
| ESC pressed | 2 | |
| Enter build submenu | 8 | |
| Enter hero's abilities submenu | 1 | |
| Right click | 312 | |
| Select / deselect | 220 | |
| Select group hotkey | 31 | |
| Use ability | 41 | |
733 total
» units
» upgrades
» buildings
| Lumber Mill | 1 | |
| Altar of Kings | 1 | |
| Farm | 5 | |
| Barracks | 2 | |
| Arcane Vault | 1 | |
| Scout Tower | 1 | |
| Arcane Tower | 1 | |
12 total
» build order
00:10 Lumber Mill
00:27 Altar of Kings
00:29 Farm
01:56 Barracks
01:58 Barracks
02:02 Farm
02:02 Farm
02:07 Farm
02:10 Farm
02:27 Arcane Vault
03:08 Scout Tower
04:49 Arcane Tower
DazzlingKillmen (
yellow | 89 APM | 6266 actions | 70:10)
8 Blood Mage
3 Flame Strike
3 Siphon Mana
1 Summon Phoenix
1 Banish
» actions
| Assign group hotkey | 107 | |
| Basic commands | 253 | |
| Build / train | 287 | |
| ESC pressed | 15 | |
| Enter build submenu | 75 | |
| Enter hero's abilities submenu | 8 | |
| Give item / drop item | 3 | |
| Remove unit from queue | 2 | |
| Right click | 2147 | |
| Select / deselect | 965 | |
| Select group hotkey | 1823 | |
| Use ability | 581 | |
6266 total
» units
| Peasant | 19 | |
| Footman | 5 | |
| Goblin Shredder | 19 | |
| Goblin Sapper | 26 | |
| Goblin Zeppelin | 16 | |
| Gryphon Rider | 6 | |
| Sorceress | 3 | |
| Dragonhawk Rider | 5 | |
| Mortar Team | 12 | |
| Priest | 3 | |
| Rifleman | 3 | |
117 total
» upgrades
| Masonry | 3 | |
| Lumber Harvesting | 2 | |
| Swords | 3 | |
| Animal War Training | 1 | |
| Armor | 3 | |
| Storm Hammers | 1 | |
| Sorceress Training | 2 | |
| Magic Sentry | 1 | |
| Gunpowder | 3 | |
| Fragmentation Shards | 1 | |
| Flare | 1 | |
| Cloud | 1 | |
| Plating | 2 | |
| Backpack | 1 | |
| Priest Training | 2 | |
| Long Rifles | 1 | |
28 total
» buildings
| Altar of Kings | 2 | |
| Barracks | 1 | |
| Farm | 13 | |
| Arcane Vault | 1 | |
| Keep | 2 | |
| Town Hall | 4 | |
| Lumber Mill | 1 | |
| Scout Tower | 43 | |
| Guard Tower | 45 | |
| Castle | 1 | |
| Gryphon Aviary | 3 | |
| Blacksmith | 2 | |
| Arcane Sanctum | 2 | |
| Workshop | 2 | |
122 total
» build order
00:58 Altar of Kings
01:04 Barracks
01:12 Farm
01:17 Farm
01:58 Farm
02:02 Arcane Vault
02:36 Farm
03:55 Keep
04:29 Town Hall
04:41 Farm
08:29 Altar of Kings
08:51 Lumber Mill
08:56 Scout Tower
08:57 Scout Tower
08:58 Scout Tower
09:11 Scout Tower
09:12 Scout Tower
09:14 Scout Tower
09:15 Scout Tower
09:17 Scout Tower
09:57 Guard Tower
09:57 Guard Tower
09:59 Guard Tower
09:59 Guard Tower
10:10 Scout Tower
10:15 Scout Tower
10:34 Castle
10:38 Guard Tower
10:38 Guard Tower
10:41 Guard Tower
10:41 Guard Tower
10:48 Scout Tower
10:49 Scout Tower
10:50 Scout Tower
10:54 Scout Tower
10:55 Scout Tower
10:57 Scout Tower
11:31 Guard Tower
11:31 Guard Tower
11:31 Guard Tower
12:13 Guard Tower
12:13 Guard Tower
12:13 Guard Tower
12:36 Gryphon Aviary
12:39 Gryphon Aviary
12:40 Gryphon Aviary
12:47 Town Hall
13:19 Blacksmith
13:21 Blacksmith
14:40 Arcane Sanctum
14:43 Arcane Sanctum
14:50 Scout Tower
14:51 Scout Tower
14:52 Scout Tower
14:53 Scout Tower
14:55 Scout Tower
15:28 Guard Tower
15:45 Scout Tower
15:48 Scout Tower
15:51 Scout Tower
15:54 Scout Tower
18:14 Guard Tower
18:14 Guard Tower
18:15 Guard Tower
18:15 Guard Tower
18:33 Scout Tower
18:34 Scout Tower
18:36 Scout Tower
18:37 Scout Tower
18:38 Scout Tower
19:09 Guard Tower
19:09 Guard Tower
19:18 Guard Tower
19:19 Guard Tower
19:45 Workshop
19:46 Workshop
24:50 Town Hall
24:55 Scout Tower
24:56 Scout Tower
24:57 Scout Tower
24:58 Scout Tower
24:59 Scout Tower
25:00 Scout Tower
25:01 Scout Tower
25:01 Scout Tower
25:02 Scout Tower
25:28 Guard Tower
25:28 Guard Tower
25:28 Guard Tower
26:35 Guard Tower
26:35 Guard Tower
26:35 Guard Tower
27:03 Guard Tower
40:17 Farm
40:18 Farm
40:19 Farm
42:58 Farm
43:04 Farm
43:06 Farm
44:16 Farm
44:30 Town Hall
44:32 Scout Tower
44:33 Scout Tower
44:34 Scout Tower
44:36 Scout Tower
45:08 Guard Tower
45:08 Guard Tower
53:02 Farm
» items
| Scroll of Regeneration | 9 | |
| Lesser Clarity Potion | 9 | |
| Scroll of Town Portal | 8 | |
| Mechanical Critter | 3 | |
| Staff of Sanctuary | 1 | |
| Potion of Healing | 6 | |
| Potion of Mana | 3 | |
39 total
Komucap (
red | 17 APM | 857 actions | 50:24)
3 Blademaster
1 Wind Walk
2 Critical Strike
1 Shadow Hunter
1 Healing Wave
» actions
| Assign group hotkey | 3 | |
| Build / train | 38 | |
| Enter build submenu | 29 | |
| Enter hero's abilities submenu | 4 | |
| Remove unit from queue | 1 | |
| Right click | 453 | |
| Select / deselect | 242 | |
| Select group hotkey | 10 | |
| Use ability | 77 | |
857 total
» units
| Peon | 11 | |
| Goblin Shredder | 1 | |
| Troll Batrider | 7 | |
19 total
» upgrades
| Spiked Barricades | 3 | |
| Liquid Fire | 1 | |
| Reinforced Defenses | 1 | |
| Ranged Weapons | 2 | |
7 total
» buildings
| War Mill | 1 | |
| Orc Burrow | 6 | |
| Altar of Storms | 2 | |
| Stronghold | 1 | |
| Watch Tower | 12 | |
| Voodoo Lounge | 1 | |
| Beastiary | 2 | |
| Fortress | 1 | |
| Great Hall | 1 | |
27 total
» build order
00:21 War Mill
00:28 Orc Burrow
02:43 Altar of Storms
03:12 Stronghold
03:14 Watch Tower
03:24 Orc Burrow
03:58 Orc Burrow
04:06 Voodoo Lounge
04:23 Watch Tower
04:57 Watch Tower
05:38 Beastiary
05:45 Beastiary
06:59 Fortress
08:54 Orc Burrow
08:59 Watch Tower
09:22 Watch Tower
10:39 Watch Tower
11:00 Watch Tower
11:47 Watch Tower
12:30 Watch Tower
13:40 Watch Tower
15:24 Watch Tower
16:11 Watch Tower
21:23 Great Hall
23:15 Altar of Storms
27:03 Orc Burrow
36:27 Orc Burrow
» items
| Rod of Necromancy | 1 | |
| Potion of Healing | 1 | |
| Lesser Clarity Potion | 2 | |
4 total
Chat log
(00:39 / All) RUSSEL-WIL-SUX: how is everyone doing
(00:47 / All) DazzlingKillmen: I'm uploading lots of torrents so the latency is hell
(00:51 / All) ChristmasGrinch: Fe fi fo fum
(00:56 / All) ChristmasGrinch: I smell the blood of a whoville who
(01:12 / All) RUSSEL-WIL-SUX: u dont really have a countdown timer
(01:51 / Allies) Sonata: gl komucap lol
(02:02 / All) agentknox666: wow
(02:04 / All) DazzlingKillmen: What
(02:06 / Allies) Sonata: -_-
(02:10 / Allies) Sonata: lol
(02:16 / All) DazzlingKillmen: Fine I exited µTorrent
(02:27 / All) DazzlingKillmen: Hopefully he doesn't stop downloading my torrents
(02:30 / All) DazzlingKillmen: I want some more Waffles ratio
(02:43 / Allies) Sonata: lol
(03:05 / Allies) Sonata: you are in big trouble komu
(03:06 / Allies) Sonata: xD
(05:03 / All) RUSSEL-WIL-SUX: prooooooo
(05:53 / Allies) Sonata: .
(05:55 / Allies) Sonata: da fuck
(06:00 / All) DazzlingKillmen: Pink trying to tk
(06:01 / Allies) Sonata: for real? lol
(06:10 / All) DazzlingKillmen: I have an expo anyway dumbass
(06:11 / All) DazzlingKillmen: if you get it
(06:27 / Allies) Sonata: fail o npink lol
(06:57 / All) DazzlingKillmen: COUNTER MILITIA TP!
(07:29 / Allies) Sonata: .
(07:33 / All) DazzlingKillmen: LOL
(07:37 / Allies) Sonata: da fuck lol
(07:39 / All) DazzlingKillmen: I got him but he didn't get me
(07:51 / All) RUSSEL-WIL-SUX: pink got rpaedd
(09:05 / Allies) xd-xd-xd: lol
(09:15 / Allies) Sonata: .
(09:19 / All) DazzlingKillmen: Fail tk pink
(09:20 / Allies) xd-xd-xd: u trinidajames ?
(09:23 / All) DazzlingKillmen: Now I can expo at his base too
(09:30 / Allies) DazzlingKillmen: I'm the illustrious Rod Serling
(09:42 / Allies) DazzlingKillmen: The creator of the Twilight Zone, the wondrous land you are about to enter
(11:28 / Allies) Komucap: who need wood?
(11:31 / Allies) DazzlingKillmen: Me
(11:43 / Allies) DazzlingKillmen: ty
(13:16 / All) RUSSEL-WIL-SUX: u got great allies green
(13:29 / All) DazzlingKillmen: Yeah we got allies like pink
(13:30 / All) DazzlingKillmen: He was pro
(13:45 / Allies) xd-xd-xd: LOL
(15:20 / All) DazzlingKillmen: I love the natural wall former allied bases buildings make
(15:34 / All) ChristmasGrinch: my shreddar wasn't getting lumber for a long time without me realizing it
(18:03 / Allies) Sonata: 6000 gold lol
(18:11 / Allies) DazzlingKillmen: Jealous?
(18:33 / Allies) xd-xd-xd: yellow cunt u were in my last game when i was pascal ?
(18:44 / Allies) DazzlingKillmen: Probably not
(18:54 / Allies) xd-xd-xd: ur guy play same tac
(18:55 / Allies) DazzlingKillmen: Ty red
(19:15 / Allies) xd-xd-xd: mass griif house mass tower lol
(19:22 / Allies) xd-xd-xd: cunt
(20:10 / Allies) Sonata: 1800 more gold to 10,000
(20:12 / Allies) Sonata: xD
(20:52 / Allies) DazzlingKillmen: You want gold to rebuild red?
(20:56 / Allies) DazzlingKillmen: I can spare a little
(20:56 / Allies) Komucap: y
(21:03 / Allies) Sonata: you got more than enough lol
(22:15 / Allies) Sonata: lol
(22:36 / Allies) Sonata: ;lmao
(22:44 / Allies) DazzlingKillmen: What's so funny
(22:58 / Allies) Sonata: you killing their expo
(23:03 / Allies) DazzlingKillmen: Blood mage is pretty good
(23:07 / Allies) xd-xd-xd: he cant
(23:09 / Allies) DazzlingKillmen: You should try it sometime especially with invisibility
(23:12 / Allies) Sonata: fuck
(23:16 / Allies) DazzlingKillmen: but make sure to be level 3
(23:19 / All) RUSSEL-WIL-SUX: some people sure are dicks
(23:21 / Allies) Sonata: komucap
(23:22 / Allies) Sonata: lol
(23:31 / Allies) DazzlingKillmen: God damn wish I had a tp staff to go there and stop it
(23:32 / Allies) Sonata: lol
(23:35 / All) ChristmasGrinch: WE GOT A TK BOYS
(23:49 / All) RUSSEL-WIL-SUX: arrogant bastard
(24:01 / Allies) Sonata: teal tking to?
(24:03 / Allies) Sonata: lmao
(24:08 / Allies) xd-xd-xd: oj
(24:23 / All) RUSSEL-WIL-SUX: DIE LANDAZAR
(24:31 / Allies) Sonata: t omany to bomb
(24:34 / All) RUSSEL-WIL-SUX: DEATH KILL ORANGE!
(24:46 / All) agentknox666: teal is a fag
(24:56 / All) RUSSEL-WIL-SUX: lol
(25:01 / All) RUSSEL-WIL-SUX: teal didnt even do anything!
(25:01 / All) Sonata: dont hurt me anymore
(25:02 / All) ChristmasGrinch: He's a whoville who
(25:03 / All) Sonata: -_-
(25:04 / All) agentknox666: wow
(25:06 / All) Sonata: ....
(25:09 / All) agentknox666: u guys think ur funny
(25:17 / All) RUSSEL-WIL-SUX: ur cd key will be reported to blizzard
(25:17 / All) ChristmasGrinch: I loathe the whoville whos
(25:18 / All) RUSSEL-WIL-SUX: orange
(25:30 / All) Sonata: blue plz
(25:31 / All) Sonata: .
(25:41 / All) agentknox666: fucking two little bitches sitting in a row
(25:54 / All) RUSSEL-WIL-SUX: what?
(25:56 / All) agentknox666: u virgins or something?
(26:00 / All) agentknox666: seriously?
(26:04 / All) agentknox666: cant get a girl?
(26:11 / All) RUSSEL-WIL-SUX: what is wrong with being a virgin in ur 20's
(26:12 / All) ChristmasGrinch: Can only get whoville sluts|?
(26:16 / All) Sonata: azzlingkillmen
(26:20 / All) ChristmasGrinch: Why you bragging they're smaller than a snowflake
(26:22 / Allies) Sonata: you remind me of
(26:24 / All) ChristmasGrinch: I ain't into spinners
(26:25 / Allies) Sonata: hammerlol
(26:32 / Allies) DazzlingKillmen: No idea who that is, what is it about me?
(26:42 / Allies) Sonata: thought that might be your main acc
(26:44 / Allies) Sonata: lol
(26:47 / Allies) DazzlingKillmen: I got no main
(26:50 / Allies) DazzlingKillmen: 0-0 accounts are the most pro
(26:50 / Allies) Sonata: ah i c
(27:03 / Allies) Sonata: you got to much gold
(27:04 / Allies) Sonata: uz it lol
(27:08 / Allies) Sonata: utilize it xD
(27:11 / All) RUSSEL-WIL-SUX: orange is being a dick
(27:12 / Allies) xd-xd-xd: xD cunt make smurf to play with friend wtf
(27:13 / All) RUSSEL-WIL-SUX: to teal and me
(27:17 / All) RUSSEL-WIL-SUX: unsure y
(27:18 / Allies) DazzlingKillmen: critter
(27:27 / Allies) DazzlingKillmen: Pro critter
(27:33 / All) agentknox666: dude, u wouldnt knw what a dick was if u tried
(27:36 / All) agentknox666: pathetic
(27:46 / All) RUSSEL-WIL-SUX: im a man......y would i want dick
(27:46 / All) DazzlingKillmen: f
(27:49 / All) ChristmasGrinch: Orange is an expert
(27:50 / All) DazzlingKillmen: fucking bitch didn't blow up
(27:52 / All) DazzlingKillmen: when I ordered it to
(27:53 / All) ChristmasGrinch: He sucks a lot of them
(27:58 / All) ChristmasGrinch: For crack and sometimes just for fun
(27:58 / All) agentknox666: oh, really teal?
(28:05 / All) agentknox666: pretty fucking sad
(28:10 / All) agentknox666: two little gay bitches
(28:16 / Allies) Komucap: 100 gold plz
(28:25 / All) ChristmasGrinch: I've never sucked off a football team to score some coke
(28:27 / Allies) Sonata: gave all mine to yello lol
(28:29 / All) RUSSEL-WIL-SUX: how does defending our territory make us gay
(28:30 / All) ChristmasGrinch: Who's really the gay one here?
(28:31 / All) agentknox666: who hoard gold and talk shit over wc
(28:32 / All) agentknox666: hahaha
(28:33 / All) agentknox666: wow
(28:39 / All) RUSSEL-WIL-SUX: all of 4v4rt lol
(28:41 / All) agentknox666: dude, ask ur mom
(28:50 / Allies) Sonata: killmen mind giving a bit of gold to komucap? ^^
(28:52 / All) agentknox666: she would be able to help yah figure it out
(28:58 / Allies) Sonata: 1000 could do
(29:01 / All) ChristmasGrinch: He sucked 22 dicks just to get high or so he said, secretly he really enjoyed it and would have did so for free
(29:24 / All) RUSSEL-WIL-SUX: mr peon is alive
(29:35 / Allies) Komucap: yel give me 100 gold plz
(29:38 / All) RUSSEL-WIL-SUX: there teal
(29:51 / Allies) Sonata: about to be 15,000 gold lol
(30:20 / Allies) Komucap: for hero
(30:21 / Allies) Sonata: lol
(30:24 / Allies) Sonata: xD
(30:29 / Allies) Komucap: ty
(30:33 / All) RUSSEL-WIL-SUX: go to my hero little peon
(30:49 / All) ChristmasGrinch: You can't evade the law forever
(31:01 / All) agentknox666: the law? judge dredd here
(31:07 / All) agentknox666: haha wow, u guys both need a life
(31:08 / All) ChristmasGrinch: I am the law
(31:19 / All) ChristmasGrinch: YOU BETRAYED TEH LAW
(31:23 / All) agentknox666: not much social skills
(31:24 / All) RUSSEL-WIL-SUX: clearly oj, we do have lives, since we defended our territory with honor
(31:41 / All) agentknox666: clearly, u dont
(31:44 / All) ChristmasGrinch: I'm not yellar belly Jake, that's purple.
(32:00 / All) ChristmasGrinch: That name was to point out his cowardice
(32:10 / All) Sonata: nah it cant be purp
(32:20 / All) ChristmasGrinch: Purple is yellar belly Jacob Campbell
(32:20 / All) RUSSEL-WIL-SUX: y not me
(32:22 / All) RUSSEL-WIL-SUX: green?
(32:26 / All) Sonata: cap in name
(32:47 / All) ChristmasGrinch: The account was mine, the yellar belly was purple's
(32:56 / All) RUSSEL-WIL-SUX: i aont no yellar belly
(32:59 / All) RUSSEL-WIL-SUX: that is oj
(33:05 / All) Sonata: lol
(33:30 / All) Sonata: nah orange cuss a lot jake didnt
(33:39 / All) RUSSEL-WIL-SUX: how he know my name is jake
(33:59 / All) Sonata: good try lol
(33:59 / All) ChristmasGrinch: You're not understanding
(34:09 / All) ChristmasGrinch: "YellarBellyJake" was made in honor or Jacob Campbell
(34:17 / All) ChristmasGrinch: Purple is Jacob Campbell, the yellar belly
(34:36 / All) Sonata: for real? lol
(34:42 / All) ChristmasGrinch: Aye
(34:59 / All) Sonata: and you are forseti. right?
(35:14 / All) ChristmasGrinch: I'm the proud owner of the account YellarBellyJake
(35:19 / All) Sonata: lol
(35:20 / All) DazzlingKillmen: I'm Forseti
(35:22 / All) ChristmasGrinch: Yellow is forseti
(35:23 / All) DazzlingKillmen: I used that as an account name once
(35:31 / All) DazzlingKillmen: That displease me, blue
(35:35 / All) DazzlingKillmen: I am now going over 50 food
(35:36 / All) Sonata: oh lol
(35:53 / Allies) Sonata: run komu
(35:57 / Allies) Sonata: youll get blitzed
(35:58 / Allies) Sonata: lol
(36:12 / All) RUSSEL-WIL-SUX: lol
(36:15 / All) ChristmasGrinch: There's no running from teh law, runner
(36:23 / Allies) Sonata: lo
(36:31 / All) DazzlingKillmen: Green is enjoying this a lot
(36:57 / All) Sonata: not exactly but gotten used to people trolling often
(37:02 / All) Sonata: not much can be done about it
(37:07 / All) Sonata: y get angry over it? lol
(37:20 / All) RUSSEL-WIL-SUX: run blue!
(37:24 / All) DazzlingKillmen: Good point
(37:35 / All) RUSSEL-WIL-SUX: standoffffffff
(37:36 / All) DazzlingKillmen: Surprised no one has left this far in a 4v4
(37:37 / All) Sonata: that one game it ended up
(37:45 / All) Sonata: being 625 minute and both team lagged out
(37:48 / All) ChristmasGrinch: Sonata you let us down
(37:49 / All) Sonata: left comp on overnight lol
(37:51 / All) ChristmasGrinch: You left
(37:58 / All) RUSSEL-WIL-SUX: oh
(37:59 / All) Sonata: too cruel ;/
(38:01 / All) Sonata: ..
(38:04 / All) RUSSEL-WIL-SUX: green wsa in that game?
(38:04 / All) DazzlingKillmen: Green is cool
(38:04 / All) ChristmasGrinch: What happened
(38:07 / All) DazzlingKillmen: I hope he wins this one
(38:10 / All) RUSSEL-WIL-SUX: i need to watch hta tstill
(38:23 / All) RUSSEL-WIL-SUX: i know we did a 13 hour standoff before
(38:30 / All) Sonata: you can look on all the game lited um
(38:32 / All) ChristmasGrinch: You lost that standoff didn't you Sonata?
(38:34 / All) Sonata: itll tell you 625 minute
(38:39 / All) Sonata: both team did
(38:44 / All) Sonata: auto diconnect
(38:46 / All) Sonata: due to it
(38:47 / All) RUSSEL-WIL-SUX: were u at ur comp the entire 625 min green?
(38:47 / All) Sonata: being too long
(38:49 / All) ChristmasGrinch: Why'd you leave it? I bet 10 American dollars that you would pull through
(38:52 / All) Sonata: nope
(38:53 / All) Sonata: left it on
(38:54 / All) RUSSEL-WIL-SUX: lol
(38:55 / All) Sonata: overnight
(38:55 / All) Sonata: like
(38:57 / All) Sonata: the other guy
(38:58 / All) Sonata: did
(39:03 / All) Sonata: lol
(39:03 / All) RUSSEL-WIL-SUX: games can last weeks
(39:05 / All) ChristmasGrinch: It listed everyone with a loss
(39:08 / All) Sonata: yep
(39:10 / All) Sonata: correct
(39:11 / All) Sonata: teal
(39:16 / All) ChristmasGrinch: Maybe they changed it
(39:16 / All) RUSSEL-WIL-SUX: how is that possible
(39:22 / All) Sonata: maybe
(39:23 / All) ChristmasGrinch: To have 625 minute limit
(39:24 / All) Sonata: a time limit they put on
(39:26 / All) Sonata: yep
(39:35 / All) ChristmasGrinch: There's been at least one standoff that lasted 15 hours
(39:37 / All) Sonata: that mean 10 hour 25 min
(39:43 / All) Sonata: maybe back then
(39:44 / All) Sonata: ?
(39:49 / All) ChristmasGrinch: A long time ago
(39:54 / All) Sonata: figured ^^
(40:20 / Allies) Komucap: 50 gold?
(40:30 / Allies) Komucap: ty
(40:31 / Allies) Sonata: lol komu
(40:31 / All) RUSSEL-WIL-SUX: smerbeck told me he had one that lasted 2 weeks but i never got solid proof
(40:34 / Allies) Komucap: k
(40:42 / Allies) Sonata: if you get bm
(40:44 / Allies) Sonata: dont get nuked
(40:46 / All) ChristmasGrinch: probably lying
(40:48 / Allies) Sonata: by mountain king
(41:00 / All) Sonata: totally not real lol
(41:04 / All) Sonata: 14 day yeah right ^^
(41:13 / All) RUSSEL-WIL-SUX: blue is pretty quiet this game
(41:22 / All) Sonata: the name mean it all
(41:25 / All) RUSSEL-WIL-SUX: is blue from america???
(41:27 / All) RUSSEL-WIL-SUX: from?
(41:36 / All) Sonata: death of silence
(42:28 / All) DazzlingKillmen: hero focusing faggot
(42:33 / All) Sonata: dat mountain king
(42:34 / All) Sonata: lol
(42:39 / All) Sonata: run komu
(42:39 / All) Sonata: lol
(42:45 / All) Sonata: you got no mana for invi
(42:46 / All) Sonata: lol
(42:55 / All) Sonata: run!!!
(42:59 / All) Sonata: xDDD
(43:02 / All) Sonata: lolz
(43:03 / All) Sonata: lol
(43:06 / All) Sonata: lmao
(43:09 / All) Sonata: -_-
(43:12 / All) Sonata: looool
(43:28 / All) Sonata: lol
(43:51 / All) Sonata: far seer it up
(44:29 / Allies) Sonata: komu on your bm
(44:32 / Allies) Sonata: you gotta look at your mana lol
(45:38 / All) RUSSEL-WIL-SUX: i dont think blizzard had the intent of their server's bandwith being used like this lol
(46:08 / All) RUSSEL-WIL-SUX: i bet u that sicko orange is watching and selecting our every move
(46:27 / All) DazzlingKillmen: Yeah hide behind the towers faggot
(47:10 / All) RUSSEL-WIL-SUX: hero nukerrrrrrrr
(47:24 / All) Sonata: dat mountain king
(47:25 / All) Sonata: .
(47:26 / All) Sonata: .
(47:27 / All) Sonata: lol
(47:37 / All) DazzlingKillmen: Finally
(47:42 / All) Sonata: phoenix got pally
(47:43 / All) ChristmasGrinch: All 4 heroes lost their lives in that battle
(47:44 / All) RUSSEL-WIL-SUX: was that one bloodmage kill really worht all blue's heros?
(47:48 / All) DazzlingKillmen: I should have just not brought my blood mage
(48:18 / All) RUSSEL-WIL-SUX: ill always remember this map for that time rod and i made a shredder merry-go-round
(48:27 / All) DazzlingKillmen: The swastika cannons were great too
(48:52 / All) Sonata: lol
(48:54 / All) Sonata: xD
(49:25 / Allies) Komucap: ty
(49:27 / Allies) DazzlingKillmen: np
(49:30 / All) RUSSEL-WIL-SUX: anybody here play wow?
(49:31 / Allies) DazzlingKillmen: Didn't realise you were out of gold
(49:35 / All) RUSSEL-WIL-SUX: is it finally f2p?
(49:38 / Allies) Sonata: dont forget komu that look at your bm mana
(49:44 / Allies) Sonata: before you enter battle
(50:03 / All) Sonata: id play it if it finally f2p but if not
(50:06 / All) Sonata: to much money
(50:36 / All) ChristmasGrinch: That's really awesome that everyone got a loss despite waiting 625 minutes
(50:37 / Allies) Sonata: ill control bm then lol
(50:45 / All) Sonata: lol
(51:20 / All) Sonata: lol
(51:29 / Allies) Sonata: ah come on xD
(51:48 / All) Sonata: ;/
(51:49 / All) Sonata: lol
(52:24 / All) Sonata: hoping to micro a hero for a little enjoyment ^^
(52:32 / All) RUSSEL-WIL-SUX: come back here gilaras
(53:03 / All) Sonata: lol
(53:24 / All) DazzlingKillmen: Pink is pinging
(53:31 / All) Sonata: pinging to much
(53:32 / All) Sonata: .
(53:33 / All) RUSSEL-WIL-SUX: i want to see if voo doo will block sappers damage on allies
(53:44 / All) RUSSEL-WIL-SUX: yep
(54:17 / All) RUSSEL-WIL-SUX: run buri
(54:20 / All) RUSSEL-WIL-SUX: frostbeard
(54:42 / All) RUSSEL-WIL-SUX: i think we've played blue 50+ times and he never has talked once
(54:53 / All) DazzlingKillmen: Maybe he doesn't speak
(54:57 / All) DazzlingKillmen: and is a feral child
(55:01 / All) DazzlingKillmen: having stumbled upon WC3
(55:09 / All) ChristmasGrinch: He asked for gold and said "lol"
(55:49 / All) DazzlingKillmen: HERO FOCUS NOW FUCKER
(55:58 / All) Sonata: o_o
(56:42 / Allies) Sonata: nice army build lol
(56:49 / Allies) DazzlingKillmen: Thanks man
(56:53 / Allies) Sonata: np
(56:58 / Allies) DazzlingKillmen: A shame I got no one to use it against now
(57:06 / Allies) Sonata: yeah
(57:10 / Allies) Sonata: couldve been nice
(57:18 / Allies) Sonata: geez like 1949
(57:24 / Allies) Sonata: gold
(57:24 / Allies) Sonata: lol
(57:31 / All) DazzlingKillmen: I have 1984 gold
(57:42 / All) ChristmasGrinch: NSA is watching you
(57:44 / All) RUSSEL-WIL-SUX: orwell
(57:47 / All) RUSSEL-WIL-SUX: big brotha
(57:56 / All) RUSSEL-WIL-SUX: woah blue
(57:58 / All) DazzlingKillmen: Is Big Brotha the black form of Big Brother?
(57:59 / All) RUSSEL-WIL-SUX: said he does drugs
(58:02 / All) ChristmasGrinch: You'll have plenty of time for that
(58:06 / Allies) Sonata: ;
(58:07 / Allies) Sonata: D;
(58:19 / All) ChristmasGrinch: 22k wood
(58:57 / Allies) Sonata: lol
(58:58 / Allies) Sonata: ;/
(59:03 / All) DazzlingKillmen: STANDOFF!
(59:16 / Allies) Sonata: too cruel lolz
(59:17 / Allies) Sonata: ;/
(59:18 / All) RUSSEL-WIL-SUX: why did pink try to kill u
(59:28 / All) DazzlingKillmen: I took his gloves of haste and manual of health
(59:31 / All) DazzlingKillmen: then bought the shredder
(59:34 / All) DazzlingKillmen: He crept it
(59:36 / All) DazzlingKillmen: I wanted to creep it
(59:44 / All) DazzlingKillmen: He didn't say anything either
(59:48 / All) D.e.a.t.h: nice... gloves of haste owns...good grab
(59:49 / All) DazzlingKillmen: I almost thought he wouldn't retaliate
(59:51 / All) RUSSEL-WIL-SUX: he sure was a douche
(60:01 / All) DazzlingKillmen: Yeah plus I got an expo from it as well
(60:05 / Allies) Sonata: right it gonna be only a couple of guard toer around and nothing more
(60:07 / All) DazzlingKillmen: Since he couldn't militia tp as well as I could
(60:09 / Allies) Sonata: like before
(60:10 / Allies) Sonata: lol
(60:16 / Allies) Sonata: ;/
(60:17 / All) DazzlingKillmen: You can research defend, green
(60:25 / Allies) Sonata: not gonna do any good
(60:26 / Allies) Sonata: xD
(60:26 / Allies) Sonata: lol
(60:33 / All) DazzlingKillmen: and have a zeppelin
(60:43 / Allies) Sonata: lol
(60:44 / All) DazzlingKillmen: Plus critters
(60:53 / Allies) Sonata: none of the unit do any kind of dmg
(61:00 / Allies) Sonata: for the purp of your experiment like before
(61:01 / Allies) Sonata: lolz
(61:05 / All) DazzlingKillmen: You can move them around though
(61:09 / All) DazzlingKillmen: have some playthings
(61:10 / Allies) Sonata: lol
(61:15 / Allies) Sonata: lmao
(61:57 / Allies) Sonata: lol
(62:05 / All) RUSSEL-WIL-SUX: blue is outsmarting me
(62:12 / Allies) Sonata: if you dont mind um
(62:14 / All) DazzlingKillmen: My APM grew exponentially from all that spamming
(62:15 / All) RUSSEL-WIL-SUX: fatboy gets outsmarted yet again
(62:21 / Allies) Sonata: y do you and your buddy like doing thi a lot lol
(62:25 / Allies) Sonata: for entertainment? xD
(62:26 / Allies) Sonata: lol
(62:30 / Allies) DazzlingKillmen: It's fun, people give us funny reactions too
(62:34 / Allies) DazzlingKillmen: We've had lots of good lines
(62:38 / Allies) Sonata: lol
(62:40 / Allies) DazzlingKillmen: Like teal being told he's Hitler
(62:42 / Allies) DazzlingKillmen: and asked how he's doing
(62:45 / All) RUSSEL-WIL-SUX: fuck
(62:56 / Allies) DazzlingKillmen: and me being told I will go to hell and my soul will be slurped up by Satan then shit out
(63:03 / All) DazzlingKillmen: My side is done
(63:04 / Allies) Sonata: lol
(63:17 / All) D.e.a.t.h: lmao
(63:26 / All) RUSSEL-WIL-SUX: so did i
(63:38 / All) DazzlingKillmen: I didn't realise blue had heroes
(63:39 / All) DazzlingKillmen: Oops
(63:41 / All) RUSSEL-WIL-SUX: blue give me control
(64:34 / All) RUSSEL-WIL-SUX: ill pick uup in zep blue
(64:50 / All) DazzlingKillmen: hero focusing to the lastr
(65:24 / All) ChristmasGrinch: really need tp staff
(65:41 / All) RUSSEL-WIL-SUX: good thing blue still had heros cuz i had a peon left and didnt realize it
(66:21 / All) DazzlingKillmen: This map would be a lot better if it had a tavern at the middle and goblin shops and market places where the golems are
(67:13 / All) RUSSEL-WIL-SUX: blue fought to the last man
(67:19 / All) D.e.a.t.h: i think i won
(67:19 / All) RUSSEL-WIL-SUX: he tried to run my last demolisher away
(67:33 / All) DazzlingKillmen: I gave them control and one of them attacked my altar for almost 1/4 of its HP then stopped
(67:42 / All) RUSSEL-WIL-SUX: green tell blue what we're doign
(67:44 / All) DazzlingKillmen: with towers
(67:44 / All) RUSSEL-WIL-SUX: u should know
(67:54 / All) DazzlingKillmen: Pink too has to know
(68:22 / All) D.e.a.t.h: what r u doing?
(68:28 / All) DazzlingKillmen: Keep in mind my critters, if you have the money you can make a fleet of zeppelins, green ! ! !
(68:32 / All) RUSSEL-WIL-SUX: leaving lol
(68:44 / All) DazzlingKillmen: You have an equal chance of winning to green and pink
(68:49 / All) DazzlingKillmen: There are no units left
(68:52 / All) DazzlingKillmen: Neither side can finish the other
(68:54 / All) DazzlingKillmen: Equal chances
(68:56 / All) RUSSEL-WIL-SUX: well, not equal, there is 2 of them
(69:05 / All) DazzlingKillmen: As close as we can get
(69:09 / All) RUSSEL-WIL-SUX: treu
(69:14 / All) DazzlingKillmen: I like green though, I don't mind him having a slight advantage
(69:18 / All) RUSSEL-WIL-SUX: how'd u drop those items off w/o stopping
(69:24 / All) DazzlingKillmen: You can shift queue them
(69:40 / All) ChristmasGrinch: Well that's it boys
(69:41 / All) RUSSEL-WIL-SUX: learn somethin every day dont we blue
(69:45 / All) RUSSEL-WIL-SUX: im going to bed good work
(69:46 / All) ChristmasGrinch: The end of the road (for us)
(69:49 / All) DazzlingKillmen: Good luck, everyone
(69:50 / Allies) Sonata: lol
(69:52 / All) DazzlingKillmen: Let it begin. let it begin!
(69:55 / All) DazzlingKillmen: He's killing the items
(69:58 / All) ChristmasGrinch: May it top the 625 minute game!
(70:01 / All) ChristmasGrinch: GOOD LUCK!
(70:02 / Allies) Sonata: cant believe i predcited it right
(70:05 / Allies) Sonata: in the beginning
(70:06 / Allies) DazzlingKillmen: lawl
(70:09 / Allies) DazzlingKillmen: gl